 Dungeon Crawl Stone Soup version 0.28.0 (webtiles) character file.

Game seed: 15138062721276776875

13 SnakkuSnakku7 the Vexing (level 2, 0/19 HPs)
             Began as a Human Enchanter on Feb 9, 2022.
             Frozen to death by an endoplasm (1 damage)
             ... on level 1 of the Dungeon.
             The game lasted 00:02:32 (550 turns).

SnakkuSnakku7 the Vexing (Human Enchanter)           Turns: 550, Time: 00:02:33

Health: 0/19       AC:  2    Str:  8    XL:     2   Next: 50%
Magic:  2/5        EV: 12    Int: 15    God:
Gold:   30         SH:  0    Dex: 13    Spells: 2/5 levels left

rFire   . . .      SeeInvis .   a - +1 dagger
rCold   . . .      Faith    .   (no shield)
rNeg    . . .      Spirit   .   b - +0 robe
rPois   .          Reflect  .   (no helmet)
rElec   .          Harm     .   (no cloak)
rCorr   .          Rampage  .   (no gloves)
Will    .....                   (no boots)
Stlth   ++........              (no amulet)
HPRegen 0.06/turn               (no ring)
MPRegen 0.09/turn               (no ring)

@: no status effects
A: no striking features
a: no special abilities


You were on level 1 of the Dungeon.
You visited 1 branch of the dungeon, and saw 1 of its levels.

You collected 30 gold pieces.

Inventory:

Hand Weapons
 a - a +1 dagger (weapon)
Armour
 b - a +0 robe (worn)
Scrolls
 c - a scroll of torment {unknown}
 d - a scroll of identify {unknown}


   Skills:
 - Level 1.0 Short Blades
 - Level 2.0 Dodging
 - Level 3.0 Stealth
 - Level 2.0 Spellcasting
 + Level 0.6 Conjurations
 - Level 3.4 Hexes
 + Level 0.6 Fire Magic


You had 2 spell levels left.
You knew the following spells:

 Your Spells              Type           Power      Damage    Failure   Level
a - Foxfire               Conj/Fire      12%        2x1d4     17%         1
b - Ensorcelled Hibernat  Hex/Ice        12%        N/A       17%         2

Your spell library contained the following spells:

 Spells                   Type           Power      Damage    Failure   Level
 Confusing Touch          Hex            11%        N/A       16%         3
 Tukima's Dance           Hex            11%        N/A       16%         3
 Dazzling Flash           Conj/Hex       14%        N/A       28%         3
 Inner Flame              Hex/Fire       7%         N/A       28%         3
 Conjure Flame            Conj/Fire      3%         6-21      45%         3
 Flame Wave               Conj/Fire      3%         2d4       86%         4


Dungeon Overview and Level Annotations

Branches:
Dungeon (1/15)

Altars:

Shops:
D:1 [*


Message History

The bat barely misses you. The bat hits you but does no damage.
Things that are here:
a +0 hunting sling; a jackal corpse The bat completely misses you.
Your magical contamination has completely faded away.
You hit the bat. Your punch misses the bat.
The bat is severely wounded.
The bat hits you but does no damage.
You closely miss the bat.
The bat is severely wounded.
The bat hits you but does no damage. The bat closely misses you.
There is a fountain of clear blue water here.
Casting: Foxfire (safe; 19% risk of failure)
Confirm with . or Enter, or press ? or * to list all spells.
You conjure some foxfire!
The endoplasm completely misses you. The bat misses you.
The foxfire hits the bat.
You kill the bat!
The foxfire hits the endoplasm.
The endoplasm is almost dead.
Unknown command.
Unknown command.
Unknown command.
Things that are here:
a +0 hunting sling; a jackal corpse
Casting: Foxfire (safe; 17% risk of failure)
Confirm with . or Enter, or press ? or * to list all spells.
You conjure some foxfire!
The endoplasm freezes you.
You are frozen.
* * * LOW HITPOINT WARNING * * *
Your foxfire dissipates!
There is a fountain of clear blue water here.
Things that are here:
a +0 hunting sling; a jackal corpse The endoplasm freezes you.
You are frozen.
You die...

......####........# #.#..#P...P
....)...###.......# #.#..##...#
.....##.###.).....# #....#P...P
.....##...#.......# ##...##...#
..#######.#.......# #...#P...P
....## #.....##### ####...##...#
.PP..####......)..###...)........
h∩P..##.....#####J....##.........
PP........⌠.⌠...@..#####.........
....#####..∩.†####.## #^........
...## #.⌠.⌠.# #..# #.########
..J.. ####### ##.# #.# .##..J.
#.####.# ## ###. #..÷...########
. ######...⌠.⌠.⌠# #
########..)....# #.......#..._..#


You could see an endoplasm.

Vanquished Creatures
  A bat (D:1)
  3 goblins (D:1)
  A hobgoblin (D:1)
  3 jackals (D:1)
  A kobold (D:1)
  2 rats (D:1)
11 creatures vanquished.

Vanquished Creatures (others)
  2 foxfires (D:1)
  4 plants (D:1)
6 creatures vanquished.

Grand Total: 17 creatures vanquished

Notes
Turn   | Place    | Note
-------+----------+-------------------------------------------
     0 | D:1      | SnakkuSnakku7 the Human Enchanter began the quest for the
                  | Orb.
     0 | D:1      | Reached XP level 1. HP: 13/13 MP: 3/3
    23 | D:1      | Found Vomy's General Store.
    68 | D:1      | Found a faded altar of an unknown god.
   344 | D:1      | Reached XP level 2. HP: 18/19 MP: 5/5
   351 | D:1      | Learned a level 1 spell: Foxfire
   354 | D:1      | Learned a level 2 spell: Ensorcelled Hibernation
   403 | D:1      | Found Gibec's Antique Armour Emporium.
   550 | D:1      | Frozen to death by an endoplasm

Illustrated notes

Levels and vault maps discovered:
D:1:      minmay_arrival_plants_in_alcoves, layout_rooms,
          hellmonk_ecumenical_altar_run_dry, serial_shops, shop, shop, shop,
          nicolae_shop_overgrown_old_shop, shop_fountains

Action                   || total
-------------------------++-------
Melee: Dagger            ||    37
 Cast: Ensorcelled Hiber ||     6
       Foxfire           ||     2
  Use: Potion            ||     1
 Stab: Invisible         ||     3
       Sleeping          ||     3
Armor: Robe              ||    15
Dodge: Dodged            ||    44
